AoeStats
← TPE-床上小旋風

QS Arena

503541820Analyzed
3v3 RM · 1mo ago on Sep 1, 2026· 54m 28s· 6 players
Game mode
Random Map
Map size
Normal (6 player)
Population
200
Speed
Normal
Resources
Standard
Victory
Conquest
Starting age
Dark Age
Ending age
Imperial Age
RankedLock teamsTeams togetherTeam positionsShared explorationLock speedFull tech treeHidden civsTurbo modeCheats
Victory
Defeat
🇨🇴 Aztecs · Colombia
1316
+15
🇷🇺 Persians · Russia
1296
+16
🇨🇱 Mapuche · Chile
1241
+18
🇲🇽 Celts · Mexico
1370
-20
🇲🇽 Franks · Mexico
1338
-18
🇲🇽 Italians · Mexico
1166
-11
BKB Preacher
7:44 Feudal Age
7:27 Loom
11:46 Castle Age
19:40 Double-Bit Axe
20:36 Horse Collar
21:34 Bow Saw
25:28 Wheelbarrow
29:13 Fletching
31:13 Bodkin Arrow
31:31 Padded Archer Armor
32:17 Heavy Plow
33:01 Hand Cart
34:11 Treadmill Crane
34:22 Elite Skirmisher
35:45 Leather Archer Armor
35:53 Ballistics
39:17 Gold Mining
39:17 Stone Mining
42:00 Forging
44:50 Imperial Age
43:28 Town Watch
43:46 Scale Mail Armor
44:22 Iron Casting
43:17 Pikeman
44:11 Masonry
44:18 Town Patrol
44:15 Champi Runner
45:47 Chain Mail Armor
46:03 Ring Archer Armor
45:55 Malon
46:17 Conscription
45:23 Champi Warrior
45:49 Arson
47:12 Chemistry
46:47 Crop Rotation
47:06 Plate Mail Armor
47:36 Blast Furnace
47:56 Blast Furnace
46:40 Elite Champi Warrior
53:28 Architecture
53:06 Butalmapu
52:28 Halberdier
53:38 Crop Rotation
53:44 Gold Shaft Mining
53:44 Stone Shaft Mining
TPE-床上小旋風
9:21 Feudal Age
9:43 Double-Bit Axe
12:52 Castle Age
11:40 Horse Collar
13:55 Bow Saw
15:45 Wheelbarrow
17:01 Loom
19:53 Hand Cart
20:04 Gold Mining
20:05 Stone Mining
22:56 Gold Shaft Mining
22:56 Stone Shaft Mining
22:43 Heavy Plow
23:21 Stone Shaft Mining
27:37 Imperial Age
25:48 Scale Barding Armor
25:54 Forging
26:20 Bloodlines
26:10 Husbandry
27:30 Chain Barding Armor
27:33 Kamandaran
27:52 Elite War Elephant
28:54 Conscription
29:12 Plate Barding Armor
29:12 Iron Casting
29:32 Iron Casting
35:35 Blast Furnace
34:28 Fletching
34:38 Padded Archer Armor
35:40 Crop Rotation
34:56 Crossbowman
35:42 Thumb Ring
36:50 Citadels
37:32 Bodkin Arrow
37:53 Leather Archer Armor
40:46 Hoardings
41:50 Chemistry
41:10 Ballistics
41:02 Masonry
42:14 Ring Archer Armor
42:18 Scale Mail Armor
49:18 Chain Mail Armor
49:34 Architecture
49:01 Murder Holes
51:20 Town Watch
51:46 Siphons
51:34 Guard Tower
54:46 Town Patrol
BKB enjoyer
8:18 Feudal Age
9:55 Loom
12:24 Castle Age
10:50 Scale Mail Armor
11:13 Double-Bit Axe
11:31 Horse Collar
12:49 Gold Mining
15:11 Fervor
15:30 Bow Saw
16:57 Sanctity
18:12 Redemption
18:55 Chain Mail Armor
19:45 Heavy Plow
21:51 Squires
24:31 Forging
27:42 Wheelbarrow
27:59 Iron Casting
29:50 Hand Cart
32:55 Imperial Age
30:21 Fletching
30:31 Padded Archer Armor
31:39 Bodkin Arrow
31:44 Padded Archer Armor
32:21 Stone Mining
33:20 Pikeman
34:25 Man-at-Arms
36:16 Crop Rotation
37:11 Plate Mail Armor
36:55 Town Watch
37:49 Block Printing
38:09 Theocracy
38:55 Blast Furnace
37:48 Long Swordsman
38:13 Gambesons
38:14 Arson
38:30 Two-Handed Swordsman
40:38 Garland Wars
40:38 Conscription
40:06 Capped Ram
40:41 Treadmill Crane
41:22 Ballistics
42:03 Chemistry
41:08 Siege Engineers
41:08 Champion
41:27 Elite Skirmisher
41:51 Siege Ram
42:21 Onager
43:26 Atlatl
46:16 Theocracy
51:46 Siege Onager
[CRX] Darius
7:33 Feudal Age
8:00 Double-Bit Axe
7:58 Horse Collar
14:11 Castle Age
15:26 Heavy Plow
15:38 Bow Saw
22:39 Loom
27:42 Wheelbarrow
28:28 Fortified Wall
28:53 Hand Cart
29:21 Ballistics
29:18 Stone Mining
29:22 Gold Mining
31:15 Stone Shaft Mining
31:02 Town Watch
31:12 Fletching
31:23 Padded Archer Armor
35:28 Imperial Age
33:09 Town Patrol
33:42 Leather Archer Armor
34:48 Bodkin Arrow
36:18 Elite Genoese Crossbowman
37:02 Bracer
37:32 Ring Archer Armor
37:45 Conscription
39:20 Forging
39:16 Scale Barding Armor
38:45 Cavalier
42:47 Iron Casting
[GDL] SEVONENKO
7:22 Feudal Age
8:24 Horse Collar
9:40 Loom
13:41 Castle Age
11:31 Man-at-Arms
12:05 Double-Bit Axe
12:57 Town Watch
13:55 Long Swordsman
17:04 Pikeman
19:32 Forging
26:52 Scale Mail Armor
30:10 Fletching
37:20 Imperial Age
42:30 Imperial Age
44:13 Ballistics
45:29 Chemistry
45:21 Wheelbarrow
[CRX] Cristero
7:47 Loom
10:44 Feudal Age
15:29 Castle Age
14:16 Stone Mining
15:00 Gold Mining
14:57 Double-Bit Axe
17:32 Wheelbarrow
18:54 Gold Shaft Mining
23:01 Forging
22:52 Scale Mail Armor
28:57 Iron Casting
33:34 Imperial Age
32:41 Husbandry
35:00 Hand Cart
34:49 Capped Ram
36:22 #83
36:51 Town Watch
38:28 Conscription
40:10 Chivalry
39:34 Cavalier
40:40 Paladin
42:41 Bow Saw
43:35 Iron Casting
43:06 Scale Barding Armor
45:17 Blast Furnace
45:54 Light Cavalry
49:08 Chain Barding Armor
49:06 Chain Mail Armor
Connection lost

Rejoining the realm…

Still unreachable

The connection could not be restored.

Session expired

The server has moved on; the page needs a fresh start.